 Dungeon Crawl Stone Soup version 0.21.1-1-g345015f (webtiles) character file.

133 infcreate the Shield-Bearer (level 4, -5/40 HPs)
             Began as a Minotaur Fighter on May 8, 2018.
             Slain by bmj180's ghost (17 damage)
             ... on level 3 of the Dungeon.
             The game lasted 00:12:10 (1525 turns).

infcreate the Shield-Bearer (Minotaur Fighter)      Turns: 1525, Time: 00:12:10

Health: -5/40      AC: 13    Str: 22    XL:     4   Next: 93%
Magic:  12/12      EV:  4    Int:  5    God:
Gold:   178        SH:  9    Dex:  9    Spells: 3/3 levels left

rFire    . . .     SeeInvis +   a - +0 war axe
rCold    . . .     Gourm    .   c - +0 shield
rNeg     . . .     Faith    .   j - +0 plate armour
rPois    .         Spirit   .   (helmet restricted)
rElec    .         Reflect  .   (no cloak)
rCorr    .         Harm     .   (no gloves)
MR       .....                  o - +0 pair of boots
Stlth    ..........             h - amulet of regeneration
HPRegen  0.53/turn              b - ring of see invisible
MPRegen  0.13/turn              i - ring of magical power

@: no status effects
A: retaliatory headbutt, horns 2
a: no special abilities


You were on level 3 of the Dungeon.
You were not hungry.

You visited 1 branch of the dungeon, and saw 3 of its levels.

You collected 178 gold pieces.

Inventory:

Hand Weapons
 a - a +0 war axe (weapon)
Armour
 c - a +0 shield (worn)
 j - a +0 plate armour (worn)
 o - a +0 pair of boots (worn)
Jewellery
 b - a ring of see invisible (left hand)
 h - an amulet of regeneration (around neck)
 i - a ring of magical power (right hand)
Scrolls
 e - a scroll of enchant weapon {unknown}
 k - a scroll of remove curse {unknown}
 m - 4 scrolls of identify {unknown}
 p - a scroll of amnesia {unknown}
 q - 3 scrolls of teleportation {unknown}
 t - a scroll of magic mapping {unknown}
Potions
 d - a potion of might
 g - a potion of invisibility {unknown}
 l - a potion of resistance {unknown}
 n - a potion of heal wounds {unknown}
Books
 r - a book of Debilitation

   Spells                             Type                      Level
   a - Corona                         Hexes                        1
   b - Slow                           Hexes                        2
   c - Inner Flame                    Hexes/Fire                   3
   d - Portal Projectile              Hexes/Translocation          3
   e - Cause Fear                     Hexes                        4
   f - Leda's Liquefaction            Hexes/Earth                  4
Comestibles
 f - 2 rations
 s - 3 chunks of flesh


   Skills:
 + Level 4.2 Fighting
 + Level 4.4 Axes
 + Level 4.3 Armour
 + Level 4.5 Shields


You had 3 spell levels left.
You didn't know any spells.

Dungeon Overview and Level Annotations

Branches:
Dungeon (3/15)

Altars:

Annotations:
D:3 bmj180's ghost, amateur MiFi


Innate Abilities, Weirdness & Mutations

You reflexively headbutt those who attack you in melee.
You have a pair of horns on your head.


Message History

Bmj180's ghost hits you.
Your plate armour prevents you from hitting bmj180's ghost.
You headbutt bmj180's ghost, but do no damage.
You block bmj180's ghost's attack.
You hit bmj180's ghost.
You headbutt bmj180's ghost, but do no damage.
Bmj180's ghost is lightly damaged.
Bmj180's ghost hits you. You block bmj180's ghost's attack.
You hit bmj180's ghost.
Bmj180's ghost is lightly damaged.
Bmj180's ghost hits you but does no damage.
Your shield and plate armour prevent you from hitting bmj180's ghost.
Bmj180's ghost is lightly damaged.
Bmj180's ghost hits you.
You are electrocuted!
Bmj180's ghost hits you!
* * * LOW HITPOINT WARNING * * *
You hit bmj180's ghost but do no damage.
Bmj180's ghost is lightly damaged.
Bmj180's ghost hits you but does no damage.
You are electrocuted!
You die...

#.#......### .. #.#..... ..
... #.#.... #.#$...
########.#... ..#....
.......#.#.. ...... ...#
.......#.#.####.....# ...#
.......#.#......#...# ...
.......'...W@.......# #.#
.......#[#.####.##..####.####
............# .##. #.......
.......#†#..###.#...##[#.####
....####.#[...........).....#
.... #.#.#####.....#[).##..
.[. #.#....##.........###. ..
#.####.##............. ..#
#.##.#+##....###.


You could see bmj180's ghost.

Vanquished Creatures
  An orc wizard (D:3)
  Jessica (D:2)
  3 adders (D:2)
  A dart slug (D:1)
  A leopard gecko (D:2)
  5 orcs (D:3)
  2 giant cockroaches (D:1)
  4 hobgoblins
  6 jackals
  A quokka (D:2)
  6 bats
  2 frilled lizards
  2 goblins (D:1)
  4 kobolds
  6 rats
45 creatures vanquished.

Notes
Turn   | Place    | Note
-------+----------+-------------------------------------------
     0 | D:1      | infcreate the Minotaur Fighter began the quest for the Orb.
     0 | D:1      | Reached XP level 1. HP: 19/19 MP: 0/0
   314 | D:1      | Reached XP level 2. HP: 27/27 MP: 1/1
   946 | D:2      | Reached XP level 3. HP: 20/33 MP: 2/2
  1260 | D:2      | Noticed Jessica
  1263 | D:2      | Killed Jessica
  1263 | D:2      | Reached XP level 4. HP: 40/40 MP: 3/3
  1509 | D:3      | Noticed bmj180's ghost (amateur MiFi)
  1525 | D:3      | Slain by bmj180's ghost

Skill      XL: |  1  2  3 |
---------------+----------+-----
Shields        | 4 |  4.5
Fighting       | 4 |  4.2
Armour         | 4 |  4.3
Axes           | 3 4 |  4.4

Action                   |  1- 3 |  4- 6 || total
-------------------------+-------+-------++-------
Melee: War axe           |    88 |    28 ||   116
       Headbutt          |    13 |     7 ||    20
  Eat: Chunk             |     1 |     1 ||     2
Armor: Scale mail        |     8 |       ||     8
       Plate armour      |    67 |    14 ||    81
Dodge: Dodged            |    18 |     3 ||    21
Block: Shield            |    51 |    17 ||    68
